[Event "December 12 Late 2023"]
[Site "https://www.chess.com"]
[Date "2023.12.12"]
[Round "10"]
[White "Kazakouski, Valery"]
[Black "Paravyan, David"]
[Result "0-1"]
[Board "15"]
[TimeControl "180+1"]
[WhiteFideId "13507443"]
[BlackFideId "4194985"]
[WhiteElo "2833"]
[BlackElo "3015"]
[WhiteTeam "LTU"]
[BlackTeam "FID"]
[WhiteClock "0:00:05"]
[BlackClock "0:01:49"]

1. e4 e5 2. Nf3 Nf6 3. d4 Nxe4 4. Bd3 d5 5. Nxe5 Nd7 6. Nc3 Bb4 7. O-O Nxe5 8. dxe5 Nxc3 9. bxc3 Bxc3 10. Ba3 Bxa1 11. Qxa1 Be6 12. Qb2 Rb8 13. f4 g6 14. Kh1 Qd7 15. Qd4 b6 16. Qb2 Rc8 17. Ba6 c5 18. Bxc8 Qxc8 19. c3 h5 20. Qf2 h4 21. h3 Rh5 22. Bc1 Qa6 23. Re1 Qc4 24. Qd2 Kd7 25. Kg1 Kc6 26. Re3 Rf5 27. Re1 a5 28. a3 b5 29. Kh2 Kb6 30. Rd1 Ka6 31. Qe3 Kb6 32. Qd2 Kc6 33. Qe3 Qa4 34. Rd2 Qxf4+ 35. Qxf4 Rxf4 36. Rxd5 Kxd5 37. Bxf4 Kc4 0-1

[Event "December 12 Late 2023"]
[Site "https://www.chess.com"]
[Date "2023.12.12"]
[Round "10"]
[White "Khismatullin, Denis"]
[Black "Timmermans, Mark"]
[Result "1-0"]
[Board "16"]
[TimeControl "180+1"]
[WhiteFideId "4142578"]
[BlackFideId "1026399"]
[WhiteElo "2949"]
[BlackElo "2740"]
[WhiteTeam "RUS"]
[BlackTeam "NED"]
[WhiteClock "0:00:09"]
[BlackClock "0:00:02"]

1. e4 e5 2. Nf3 Nc6 3. Bb5 f5 4. d3 fxe4 5. dxe4 Nf6 6. O-O d6 7. Bc4 Na5 8. Be2 Be7 9. Nc3 O-O 10. Nd5 Nc6 11. Bc4 Kh8 12. Nxf6 Bxf6 13. h3 Qe8 14. Re1 Qg6 15. Kh2 Bd7 16. a4 Rae8 17. Ra3 Bd8 18. a5 a6 19. Bd5 Bc8 20. Be3 Ne7 21. Ba2 Ng8 22. Bxg8 Kxg8 23. Nd2 Bg5 24. Bxg5 Qxg5 25. Kg1 Re6 26. Nf1 Rg6 27. Rg3 Qf6 28. Qd2 Rxg3 29. Nxg3 Qf4 30. Re3 g6 31. Qe1 Rf7 32. c4 Qf6 33. Ne2 Qe6 34. b3 Bd7 35. Nc3 Bc6 36. f3 Qe8 37. b4 Bd7 38. Rd3 Be6 39. c5 dxc5 40. bxc5 Qc6 41. Qe3 Rd7 42. Rxd7 Qxd7 43. Kf2 Qc6 44. h4 Kg7 45. Kg3 h5 46. Nb1 Bf7 47. Nd2 Qb5 48. Qc3 Kf6 49. f4 Qe8 50. Nf3 Kg7 51. Nxe5 Kh7 52. Nf3 Kg8 53. Qf6 Qe6 54. Qxe6 Bxe6 55. Nd4 Bd7 56. f5 Kf7 57. fxg6+ Kxg6 58. Kf4 Kf6 59. e5+ Ke7 60. Kg5 Bg4 61. Kf4 Kd7 62. Ke4 Ke7 63. g3 Kd7 64. Kf4 Ke7 65. Kg5 Kd7 66. Kf6 1-0

[Event "December 12 Late 2023"]
[Site "https://www.chess.com"]
[Date "2023.12.12"]
[Round "10"]
[White "Bolourchifard, Farzad"]
[Black "Chigaev, Maksim"]
[Result "0-1"]
[Board "17"]
[TimeControl "180+1"]
[WhiteFideId "12510084"]
[BlackFideId "4108116"]
[WhiteElo "2738"]
[BlackElo "2888"]
[WhiteTeam "IRI"]
[BlackTeam "ESP"]
[WhiteClock "0:00:02"]
[BlackClock "0:00:04"]

1. d4 Nf6 2. Nf3 g6 3. Bg5 Bg7 4. e3 O-O 5. Be2 d6 6. O-O Nc6 7. c4 Qe8 8. Nc3 Nd7 9. Nd5 Qd8 10. h3 h6 11. Bh4 g5 12. Bg3 e6 13. Nc3 Ne7 14. e4 Ng6 15. Bd3 e5 16. Rc1 a6 17. Re1 exd4 18. Ne2 c5 19. Bxd6 Re8 20. Ng3 Nde5 21. Bxc5 b6 22. Nxe5 Bxe5 23. Ba3 Nf4 24. b3 Qf6 25. Nh5 Qg6 26. Nxf4 Bxf4 27. e5 Bf5 28. Bxf5 Qxf5 29. Qxd4 Bxc1 30. Bxc1 Rad8 31. Qxb6 Qe6 32. Qxe6 Rxe6 33. Kf1 Kh7 34. f4 Kg6 35. fxg5 hxg5 36. Bb2 Rd2 37. Re2 Rxe2 38. Kxe2 f6 39. Kd3 fxe5 40. Ke4 Rd6 41. Bxe5 Rd2 42. c5 Rxa2 43. c6 Rxg2 44. Kd3 Rf2 45. Bd6 Rf6 46. Be5 Rxc6 47. Kd4 Rb6 48. Kc4 Rb5 49. Bd4 Kf5 50. b4 Rb7 51. Bc5 Rh7 52. Be7 Rxe7 0-1

[Event "December 12 Late 2023"]
[Site "https://www.chess.com"]
[Date "2023.12.12"]
[Round "10"]
[White "Kamsky, Gata"]
[Black "Pakleza, Zbigniew"]
[Result "1/2-1/2"]
[Board "18"]
[TimeControl "180+1"]
[WhiteFideId "2000024"]
[BlackFideId "1119290"]
[WhiteElo "2860"]
[BlackElo "2720"]
[WhiteTeam "USA"]
[BlackTeam "POL"]
[WhiteClock "0:00:23"]
[BlackClock "0:00:12"]

1. d4 d6 2. e4 Nf6 3. Bd3 e5 4. c3 d5 5. dxe5 dxe4 6. Bb5+ c6 7. Qxd8+ Kxd8 8. Bc4 Ng4 9. Bf4 Nd7 10. Nd2 Ndxe5 11. O-O-O Ke8 12. Nh3 Nxc4 13. Nxc4 Be6 14. Na5 Bxa2 15. Rhe1 f5 16. f3 Nf6 17. fxe4 fxe4 18. Ng5 Bd5 19. c4 Bb4 20. Bd2 Bxa5 21. Bxa5 h6 22. cxd5 hxg5 23. dxc6 bxc6 24. h3 Kf7 25. Rd6 Rac8 26. Bc3 Rhe8 27. Kc2 Re7 28. Rf1 Re6 29. Rd7+ Re7 30. Rd6 Re6 31. Rd7+ Re7 32. Rd6 1/2-1/2

[Event "December 12 Late 2023"]
[Site "https://www.chess.com"]
[Date "2023.12.12"]
[Round "10"]
[White "Gorovets, Andrey"]
[Black "Dyachuk, Artem"]
[Result "1-0"]
[Board "19"]
[TimeControl "180+1"]
[WhiteFideId "13504037"]
[BlackFideId "34107924"]
[WhiteElo "2849"]
[BlackElo "2702"]
[WhiteTeam "BLR"]
[BlackTeam "UKR"]
[WhiteClock "0:00:30"]
[BlackClock "0:00:00"]

1. Nf3 Nf6 2. g3 d5 3. Bg2 c6 4. O-O Bg4 5. h3 Bh5 6. c4 Nbd7 7. cxd5 cxd5 8. Qb3 Qc8 9. Nc3 e6 10. d3 Be7 11. Bf4 O-O 12. Rfc1 Nc5 13. Qd1 Bxf3 14. Bxf3 Qd7 15. b4 Na6 16. a3 Bd6 17. Bd2 Nc7 18. Qa4 b5 19. Qa5 e5 20. Bg2 Rab8 21. a4 a6 22. axb5 axb5 23. Qa3 d4 24. Ne4 Nxe4 25. Bxe4 Qxh3 26. Rc6 Qd7 27. Qc1 Ne6 28. Raa6 Be7 29. Bf5 Rfc8 30. Bxe6 fxe6 31. f3 Bf6 32. Kg2 Qb7 33. Qc5 Qxa6 34. Rxa6 Rxc5 35. bxc5 b4 36. Rb6 Ra8 37. Bxb4 Ra2 38. Kf2 Bg5 39. c6 Be3+ 40. Kf1 Ra1+ 41. Kg2 Rg1+ 42. Kh2 Rc1 43. Bd6 Rc2 44. c7 Kf7 45. Rb8 Rxe2+ 46. Kh3 Bg1 47. c8=Q Rh2+ 48. Kg4 h5+ 49. Kg5 Be3+ 50. f4 Bxf4+ 51. gxf4 Rg2+ 52. Kxh5 Rh2+ 53. Kg4 1-0

[Event "December 12 Late 2023"]
[Site "https://www.chess.com"]
[Date "2023.12.12"]
[Round "10"]
[White "Nagare Kaivalya Sandip"]
[Black "Volodin, Aleksandr"]
[Result "1-0"]
[Board "20"]
[TimeControl "180+1"]
[WhiteFideId "25957929"]
[BlackFideId "4501950"]
[WhiteElo "2683"]
[BlackElo "2803"]
[WhiteTeam "IND"]
[BlackTeam "EST"]
[WhiteClock "0:00:59"]
[BlackClock "0:00:03"]

1. e4 c5 2. Nf3 d6 3. d4 cxd4 4. Nxd4 Nf6 5. Nc3 a6 6. Bg5 e6 7. f4 h6 8. Bh4 Nbd7 9. Qf3 e5 10. Nf5 exf4 11. Qxf4 g5 12. Nxd6+ Bxd6 13. Qxd6 gxh4 14. e5 Ng4 15. Nd5 Qg5 16. Nc7+ Kd8 17. Nxa8 Qe3+ 18. Be2 Qf2+ 19. Kd2 Nxe5 20. Qc7+ Ke7 21. Rhf1 Qxg2 22. Nb6 Qc6 23. Nxc8+ Rxc8 24. Qxc6 Rxc6 25. Rae1 f6 26. Rf4 Rb6 27. b3 Rd6+ 28. Kc1 Nf8 29. Rxh4 Nfg6 30. Rh5 Nf4 31. Rxh6 Re6 32. Rh7+ Kf8 33. Kd2 Nf7 34. Rxf7+ Kg8 35. Bc4 1-0

[Event "December 12 Late 2023"]
[Site "https://www.chess.com"]
[Date "2023.12.12"]
[Round "10"]
[White "Holt, Conrad"]
[Black "Goryachkina, Aleksandra"]
[Result "1-0"]
[Board "21"]
[TimeControl "180+1"]
[WhiteFideId "2034387"]
[BlackFideId "4147103"]
[WhiteElo "2800"]
[BlackElo "2670"]
[WhiteTeam "USA"]
[BlackTeam "FID"]
[WhiteClock "0:00:05"]
[BlackClock "0:00:00"]

1. d4 Nf6 2. c4 e6 3. Nc3 Bb4 4. Qc2 O-O 5. e4 d5 6. e5 Ne4 7. Bd3 c5 8. Nf3 cxd4 9. Nxd4 Nd7 10. Bf4 Qb6 11. Nb3 Qc7 12. O-O Nxe5 13. Nxe4 dxe4 14. Bxe4 f5 15. c5 fxe4 16. Bg3 Rf5 17. Qxe4 Bxc5 18. Rac1 Qc6 19. Nxc5 Qxe4 20. Nxe4 Nc6 21. Rfd1 Rd5 22. Nd6 Rxd1+ 23. Rxd1 b6 24. Nxc8 Rxc8 25. Kf1 h6 26. Rd7 a5 27. Ke2 Nb4 28. Be5 Rc2+ 29. Kf3 g5 30. a3 Nd5 31. Rg7+ Kf8 32. Rh7 g4+ 33. Kg3 Ne7 34. Bd6 1-0

[Event "December 12 Late 2023"]
[Site "https://www.chess.com"]
[Date "2023.12.12"]
[Round "10"]
[White "Yuan, Qingyu"]
[Black "Gubajdullin, Alexei"]
[Result "1-0"]
[Board "22"]
[TimeControl "180+1"]
[WhiteFideId "8609772"]
[BlackFideId "4141202"]
[WhiteElo "2794"]
[BlackElo "2644"]
[WhiteTeam "CHN"]
[BlackTeam "RUS"]
[WhiteClock "0:00:10"]
[BlackClock "0:00:02"]

1. e4 e5 2. Nf3 Nf6 3. Nxe5 d6 4. Nf3 Nxe4 5. d4 d5 6. Bd3 Nc6 7. O-O Be7 8. Nbd2 Nd6 9. c3 Bf5 10. Nb3 Bxd3 11. Qxd3 Ne4 12. Bf4 O-O 13. Nbd2 f5 14. h3 g5 15. Bh2 Bd6 16. Ne5 Bxe5 17. dxe5 Nxd2 18. Qxd2 f4 19. Rfe1 Ne7 20. e6 Rf5 21. g4 Rf6 22. h4 h6 23. hxg5 hxg5 24. Re5 Rg6 25. Qd3 Qd6 26. Rae1 Kg7 27. Kg2 Rf8 28. f3 Rh8 29. Bg1 c5 30. b4 b6 31. a4 Rhh6 32. bxc5 bxc5 33. Qb5 d4 34. Rxc5 dxc3 35. Qc4 Rxe6 36. Qxc3+ Kf7 37. Rxg5 Rxe1 38. Qxe1 Re6 39. Qh4 Rh6 40. Rh5 Qd2+ 41. Bf2 Rxh5 42. Qxh5+ Ke6 43. Qh6+ Kd7 44. Qa6 Nd5 45. Qxa7+ Ke6 46. Qa6+ Kf7 47. Qb7+ Ke6 48. Qc6+ Ke7 49. Qc5+ Ke6 50. Kh3 Ne3 51. Qc6+ Ke7 52. Qe4+ Kd7 53. Qh7+ Ke6 54. Qg6+ Kd7 55. Qf7+ Kc6 56. Qf6+ Kd5 57. Qd8+ Kc4 58. Qxd2 Nd5 59. Qe2+ Kb3 60. Qb5+ Ka3 61. Qxd5 Kxa4 62. g5 Ka3 63. g6 Kb2 64. g7 Kc2 65. g8=Q Kc1 66. Qc8+ Kb2 67. Qb5+ 1-0

[Event "December 12 Late 2023"]
[Site "https://www.chess.com"]
[Date "2023.12.12"]
[Round "10"]
[White "Troff, Kayden"]
[Black "Janaszak, Dawid"]
[Result "1-0"]
[Board "23"]
[TimeControl "180+1"]
[WhiteFideId "2047896"]
[BlackFideId "1119206"]
[WhiteElo "2784"]
[BlackElo "2615"]
[WhiteTeam "USA"]
[BlackTeam "POL"]
[WhiteClock "0:00:05"]
[BlackClock "0:00:05"]

1. d4 d5 2. Nf3 c5 3. dxc5 e6 4. Be3 Na6 5. g3 Bxc5 6. Bxc5 Nxc5 7. Bg2 Nf6 8. O-O O-O 9. Nbd2 Qb6 10. Rb1 Bd7 11. c4 Rfd8 12. b4 Nce4 13. Qb3 dxc4 14. Nxc4 Qb5 15. Nfe5 Be8 16. Rbc1 Nd2 17. Nxd2 Rxd2 18. Nc4 Rd4 19. e3 Rdd8 20. Na5 Rab8 21. Rc5 Qa6 22. Rfc1 Nd5 23. a3 Qd6 24. Nc4 Qe7 25. Ne5 f6 26. Nd3 Bf7 27. e4 Nb6 28. e5 Rd7 29. h4 Rbd8 30. Nf4 Rd2 31. Qe3 f5 32. Rc7 R2d7 33. R7c2 h6 34. Kh2 g5 35. hxg5 hxg5 36. Nh3 g4 37. Nf4 Kg7 38. Kg1 Be8 39. Re2 Bf7 40. Rec2 Kg8 41. Ne2 Kg7 42. Bf1 Kg8 43. Nf4 Kg7 44. Rc3 Kg8 45. Rd3 Rxd3 46. Nxd3 Kg7 47. Nf4 Nd5 48. Nxd5 Rxd5 49. Rc8 Qd7 50. Ra8 Qe7 51. Qxa7 Rxe5 52. Qb8 Kf6 53. Qh8+ Kg6 54. Qxe5 f4 55. Bd3+ 1-0

[Event "December 12 Late 2023"]
[Site "https://www.chess.com"]
[Date "2023.12.12"]
[Round "10"]
[White "Postny, Evgeny"]
[Black "Aghasiyev, Kamal"]
[Result "1-0"]
[Board "24"]
[TimeControl "180+1"]
[WhiteFideId "2804344"]
[BlackFideId "13402854"]
[WhiteElo "2773"]
[BlackElo "2607"]
[WhiteTeam "ISR"]
[BlackTeam "AZE"]
[WhiteClock "0:00:05"]
[BlackClock "0:00:00"]

1. e4 e5 2. Nf3 Nc6 3. Bc4 Bc5 4. d3 Nf6 5. h3 d6 6. c3 a5 7. a4 h6 8. Nbd2 O-O 9. Nf1 Be6 10. Bxe6 fxe6 11. Ng3 Qe8 12. O-O Nh5 13. Kh2 Nxg3 14. fxg3 Rf6 15. d4 Bb6 16. dxe5 dxe5 17. Qe2 Qg6 18. Nh4 Qf7 19. Rxf6 Qxf6 20. Bd2 Rd8 21. Nf3 Ne7 22. Rd1 Nc8 23. c4 Ne7 24. Bg5 Qf8 25. Rxd8 Qxd8 26. Bxe7 Qxe7 27. Nxe5 Qc5 28. Nf3 Qb4 29. Qc2 Qc5 30. Qd3 Qd6 31. Qe2 e5 32. b3 c6 33. h4 Bc5 34. g4 Qe6 35. Ne1 Qf6 36. Kh3 Bd4 37. Qf3 Qe6 38. Nd3 b5 39. Qf5 Qxf5 40. gxf5 bxc4 41. bxc4 Kf7 42. g4 g6 43. fxg6+ Kxg6 44. Kg3 h5 45. g5 Bc3 46. Kf3 Bd4 47. Ke2 Bc3 48. Kf3 Bd4 49. Kg2 Bc3 50. Nc5 Bd4 51. Nd7 Bc3 52. Nb8 c5 53. Nc6 Kf7 54. Kh3 Kg6 55. Ne7+ Kf7 56. Nf5 Kg6 57. Nd6 Kg7 58. Nb7 Bb4 59. Kg2 Kg6 60. Kf2 Kf7 61. Ke2 Ke6 62. Kf3 Be1 63. Nxc5+ Kf7 64. Nb3 Bxh4 65. Nxa5 Bxg5 66. c5 Ke6 67. Nc4 Bf6 68. a5 Kd7 69. a6 Kc6 70. Na5+ Kc7 71. a7 1-0

[Event "December 12 Late 2023"]
[Site "https://www.chess.com"]
[Date "2023.12.12"]
[Round "10"]
[White "Zou, Chen"]
[Black "Sivakumar, Shaaketh"]
[Result "0-1"]
[Board "25"]
[TimeControl "180+1"]
[WhiteFideId "8610959"]
[BlackFideId "30940176"]
[WhiteElo "2767"]
[BlackElo "2605"]
[WhiteTeam "CHN"]
[BlackTeam "USA"]
[WhiteClock "0:00:00"]
[BlackClock "0:00:08"]

1. Nf3 Nf6 2. e3 g6 3. Be2 Bg7 4. O-O b6 5. Re1 Bb7 6. b3 O-O 7. Bb2 c5 8. c4 d6 9. d3 Nc6 10. Nbd2 a6 11. a3 b5 12. Rb1 e5 13. Qc2 Rc8 14. h3 Ne8 15. Ba1 h6 16. Rec1 Qa5 17. Bb2 f5 18. Ne1 Nc7 19. Bf3 Kh7 20. Ra1 Ne6 21. Bc3 Qb6 22. Be2 b4 23. Bb2 a5 24. a4 Rce8 25. Bf1 Ne7 26. Nef3 Ng8 27. Re1 Nf6 28. Rad1 Ng5 29. Nh2 Qc6 30. Qb1 Nxh3+ 31. Kh1 Nxf2+ 32. Kg1 Nxd1 33. Qxd1 h5 34. Ndf3 Bh6 35. Qe2 Ng4 36. Bc1 d5 37. cxd5 Qxd5 38. Qc2 e4 39. dxe4 Rxe4 40. Rd1 Qe6 41. Qxc5 Rf7 42. Bc4 Rxc4 43. bxc4 Nxh2 44. Nxh2 Qc6 45. Qxc6 Bxc6 46. Rd6 Bxa4 47. Nf3 Bc2 48. Ne5 Ra7 49. Nc6 Ra6 50. Rd7+ Bg7 51. Nxb4 axb4 52. Bb2 Rc6 53. Bxg7 Rxc4 54. Be5+ Kg8 55. Rg7+ Kf8 56. Rxg6 b3 57. Rb6 Ke7 58. Kh2 Rg4 59. Bf4 Kf7 60. g3 Rg6 61. Rb7+ Ke6 62. Rb6+ Kf7 63. Rb7+ Ke8 64. Be5 Re6 65. Bd4 Kd8 66. Kh3 Re4 67. Kh2 Kc8 68. Rb5 Kd7 69. Kg1 Kc6 70. Rb4 Kd5 71. Kf2 Rg4 72. Kf3 Rg8 73. Kf2 Rc8 74. Kf3 Rc4 75. Rxc4 Kxc4 76. Ke2 Be4 77. Bb2 Bd5 78. Kd2 Bf7 79. Ke2 Kd5 80. Kd3 Be6 81. Ke2 Ke4 82. Bc3 Bc4+ 83. Kd2 Kf3 84. Be5 Bd5 85. Kd3 Be4+ 86. Kd2 Bc2 87. Bf4 Ke4 88. Bh6 Bb1 89. Bg7 Kf3 90. Be5 Be4 91. Bf6 Kxg3 92. Ke2 h4 93. Be5+ Kg2 94. Ke1 h3 95. Ke2 h2 0-1

[Event "December 12 Late 2023"]
[Site "https://www.chess.com"]
[Date "2023.12.12"]
[Round "10"]
[White "Dragomirescu, Robin-Alexandru"]
[Black "Atakhan, Abtin"]
[Result "0-1"]
[Board "26"]
[TimeControl "180+1"]
[WhiteFideId "1213849"]
[BlackFideId "22502203"]
[WhiteElo "2600"]
[BlackElo "2748"]
[WhiteTeam "ROU"]
[BlackTeam "IRI"]
[WhiteClock "0:00:25"]
[BlackClock "0:01:26"]

1. b3 Nf6 2. Bb2 g6 3. Nc3 d5 4. d4 Bg7 5. Qd2 c5 6. e3 cxd4 7. exd4 Nc6 8. O-O-O Bf5 9. f3 h5 10. Kb1 Nb4 11. Rc1 a6 12. a3 Nc6 13. Nge2 h4 14. Rd1 b5 15. Rg1 Rb8 16. g4 hxg3 17. hxg3 b4 18. axb4 Nxb4 19. Rc1 Bh6 20. Nf4 Qd6 21. Nce2 Nxc2 22. Rxc2 O-O 23. Nc1 Bxc2+ 24. Kxc2 Rfc8+ 25. Kd1 Nh5 26. Rh1 Nxg3 27. Rxh6 Nxf1 0-1

[Event "December 12 Late 2023"]
[Site "https://www.chess.com"]
[Date "2023.12.12"]
[Round "10"]
[White "Olsen, Filip Boe"]
[Black "Matinian, Nikita"]
[Result "1/2-1/2"]
[Board "27"]
[TimeControl "180+1"]
[WhiteFideId "1440640"]
[BlackFideId "24129100"]
[WhiteElo "2632"]
[BlackElo "2762"]
[WhiteTeam "DEN"]
[BlackTeam "FID"]
[WhiteClock "0:01:54"]
[BlackClock "0:00:50"]

1. d4 Nf6 2. c4 g6 3. Nc3 Bg7 4. e4 d6 5. h3 e5 6. d5 a5 7. g4 h5 8. g5 Nfd7 9. h4 Nc5 10. Be3 f5 11. gxf6 Bxf6 12. Nf3 Bg4 13. Be2 Bxf3 14. Bxf3 Bxh4 15. Qd2 Nbd7 16. O-O-O Rf8 17. Be2 Bxf2 18. Bg5 Qb8 19. Rxh5 Qa7 20. Rh7 Nf6 21. Bxf6 Be3 22. Re7+ Kd8 23. Rf7+ Ke8 24. Re7+ Kd8 25. Rf7+ Ke8 26. Re7+ Kd8 1/2-1/2

[Event "December 12 Late 2023"]
[Site "https://www.chess.com"]
[Date "2023.12.12"]
[Round "10"]
[White "Shuvalova, Polina"]
[Black "Ambartsumova, Karina"]
[Result "1-0"]
[Board "28"]
[TimeControl "180+1"]
[WhiteFideId "24171760"]
[BlackFideId "4166299"]
[WhiteElo "2733"]
[BlackElo "2623"]
[WhiteTeam "RUS"]
[BlackTeam "RUS"]
[WhiteClock "0:00:23"]
[BlackClock "0:00:00"]

1. e4 e5 2. Nf3 Nc6 3. Nc3 Nf6 4. Bb5 Bc5 5. O-O Nd4 6. Nxe5 Nxb5 7. Nxb5 Nxe4 8. Nxf7 Kxf7 9. Qh5+ g6 10. Qd5+ Kg7 11. Qxe4 c6 12. d4 Be7 13. Nc3 d5 14. Qe3 Bf5 15. Qh6+ Kf7 16. Qd2 Bd6 17. Ne2 Qh4 18. Ng3 Rae8 19. c3 Re6 20. Qg5 Qxg5 21. Bxg5 Bd3 22. Rfe1 Rhe8 23. Rxe6 Rxe6 24. Be3 Bxg3 25. hxg3 a6 26. a4 Be4 27. g4 Ke8 28. Kh2 Re7 29. g5 Kd7 30. Kg3 Bf5 31. Rh1 Bc2 32. a5 Be4 33. Bf4 Rf7 34. f3 Bf5 35. Be5 Re7 36. Bf6 Rf7 37. Kf4 Kd6 38. b4 Bd3 39. Rd1 Bf5 40. g4 Be6 41. Rh1 Kd7 42. Ke5 1-0

[Event "December 12 Late 2023"]
[Site "https://www.chess.com"]
[Date "2023.12.12"]
[Round "10"]
[White "Hajiyev, Kanan"]
[Black "Martinez Ramirez, Lennis"]
[Result "0-1"]
[Board "29"]
[TimeControl "180+1"]
[WhiteFideId "13404148"]
[BlackFideId "3509079"]
[WhiteElo "2594"]
[BlackElo "2724"]
[WhiteTeam "AZE"]
[BlackTeam "CUB"]
[WhiteClock "0:00:00"]
[BlackClock "0:00:45"]

1. d4 Nf6 2. Nf3 d5 3. c4 dxc4 4. e3 a6 5. Bxc4 b5 6. Be2 Bb7 7. O-O e6 8. a4 b4 9. Nbd2 a5 10. Nb3 Nbd7 11. Qc2 c5 12. dxc5 Rc8 13. Bb5 Bc6 14. Rd1 Bxc5 15. Nxc5 Bxb5 16. axb5 Rxc5 17. Qxc5 Nxc5 18. Rxd8+ Kxd8 19. Rxa5 Kc7 20. Ra7+ Kb6 21. Rxf7 Nb3 22. Bd2 Rd8 23. Bxb4 Rd1+ 24. Be1 e5 25. e4 Nxe4 26. Kf1 Nec5 27. Nxe5 Nc1 28. Rxg7 N5b3 29. f4 Nd2+ 30. Kf2 Ne4+ 31. Kf1 Nd2+ 32. Kf2 Ne4+ 33. Kf1 Nb3 34. Rxh7 Rb1 35. Rd7 Kxb5 36. Ke2 Rxb2+ 37. Kf3 Nf6 38. Rf7 Nd4+ 39. Kg3 Ne4+ 40. Kh4 Rxg2 41. Bg3 Kc5 42. Kg4 Nf2+ 43. Kh4 Ne4 44. Ra7 Nf5+ 45. Kh3 Nfxg3 46. hxg3 Rxg3+ 47. Kh4 Rg1 48. f5 Kd5 49. Ng6 Nf6 50. Ra5+ Ke4 51. Re5+ Kf3 0-1

[Event "December 12 Late 2023"]
[Site "https://www.chess.com"]
[Date "2023.12.12"]
[Round "10"]
[White "Sai Krishna G V"]
[Black "Assylov, Miras"]
[Result "1-0"]
[Board "30"]
[TimeControl "180+1"]
[WhiteFideId "5028280"]
[BlackFideId "13728873"]
[WhiteElo "2716"]
[BlackElo "2584"]
[WhiteTeam "IND"]
[BlackTeam "KAZ"]
[WhiteClock "0:00:29"]
[BlackClock "0:00:04"]

1. d4 Nf6 2. c4 g6 3. f3 Bg7 4. e4 d6 5. Bg5 O-O 6. Qd2 c5 7. d5 e6 8. Nc3 Qb6 9. O-O-O e5 10. g4 Re8 11. h4 Nbd7 12. h5 a6 13. Nge2 Qa5 14. Ng3 Rb8 15. Bh6 Bh8 16. g5 Nxh5 17. Rxh5 gxh5 18. Nf5 Qc7 19. Qh2 Nf8 20. Bxf8 Kxf8 21. Qxh5 f6 22. Qh6+ Kg8 23. Bh3 Bxf5 24. Bxf5 Qg7 25. Qh3 fxg5 26. Rh1 h6 27. Nd1 Kf8 28. Ne3 Ke7 29. Qxh6 Qxh6 30. Rxh6 Bg7 31. Re6+ Kf7 32. Rxd6 Rbd8 33. Rb6 Rb8 34. Bg6+ Ke7 35. Bxe8 Kxe8 36. Nf5 Bf8 37. Re6+ Kd7 38. Rxe5 b5 39. Re6 bxc4 40. Rxa6 Rb4 41. Ra7+ Kd8 42. Ra8+ Kd7 43. Rxf8 c3 44. bxc3 Ra4 45. Rf7+ Ke8 46. Nd6+ Kd8 47. e5 Ra3 48. e6 Rxc3+ 49. Kd2 Rxf3 50. Rd7# 1-0

[Event "December 12 Late 2023"]
[Site "https://www.chess.com"]
[Date "2023.12.12"]
[Round "10"]
[White "Sanchez Enriquez, Oscar Gerardo"]
[Black "Rosen, Eric"]
[Result "0-1"]
[Board "31"]
[TimeControl "180+1"]
[WhiteFideId "5106311"]
[BlackFideId "2032562"]
[WhiteElo "2549"]
[BlackElo "2702"]
[WhiteTeam "MEX"]
[BlackTeam "USA"]
[WhiteClock "0:00:03"]
[BlackClock "0:00:18"]

1. e4 c5 2. Nf3 e6 3. g3 d5 4. exd5 exd5 5. d4 Nc6 6. Bg2 cxd4 7. O-O Bc5 8. Nbd2 Nge7 9. Nb3 Bb6 10. Nbxd4 Bg4 11. h3 Bh5 12. c3 O-O 13. Be3 Qd7 14. Re1 Rad8 15. Nxc6 bxc6 16. g4 Bg6 17. Ne5 Qb7 18. b4 Rfe8 19. Bxb6 axb6 20. a4 Qc7 21. f4 Be4 22. a5 Ng6 23. Nxg6 hxg6 24. axb6 Qxb6+ 25. Qd4 Qc7 26. Qf2 Bxg2 27. Kxg2 Re4 28. Rxe4 dxe4 29. Re1 f5 30. Rf1 Rd3 31. Qc5 Rd2+ 32. Rf2 Qxf4 33. Rxd2 Qxd2+ 34. Kf1 Qd3+ 35. Kf2 Qf3+ 36. Ke1 e3 37. Qc4+ Kh7 38. gxf5 Qf2+ 0-1

[Event "December 12 Late 2023"]
[Site "https://www.chess.com"]
[Date "2023.12.12"]
[Round "10"]
[White "Lin, Bryan Enming"]
[Black "Goltsev, Dmitry"]
[Result "0-1"]
[Board "32"]
[TimeControl "180+1"]
[WhiteFideId "30987121"]
[BlackFideId "24176710"]
[WhiteElo "2537"]
[BlackElo "2674"]
[WhiteTeam "USA"]
[BlackTeam "RUS"]
[WhiteClock "0:00:39"]
[BlackClock "0:01:25"]

1. e4 e6 2. d4 d5 3. Nd2 c5 4. exd5 exd5 5. Ngf3 Nf6 6. Be2 Nc6 7. O-O Bd6 8. dxc5 Bxc5 9. Nb3 Bb6 10. Re1 O-O 11. c3 Bg4 12. h3 Bh5 13. Bg5 h6 14. Bh4 Qd6 15. Nfd4 Bxe2 16. Rxe2 Ne4 17. Nxc6 Qxc6 18. Nd4 Qg6 19. f3 Nd6 20. Bf2 Rfe8 21. Rxe8+ Rxe8 22. Qa4 Re5 23. h4 Nc4 24. b3 Nd2 25. Kh1 Qf6 26. Rd1 Ne4 27. Be1 Rh5 28. Qe8+ Kh7 29. fxe4 Qf1+ 30. Kh2 Bc7+ 31. g3 Rxh4# 0-1

[Event "December 12 Late 2023"]
[Site "https://www.chess.com"]
[Date "2023.12.12"]
[Round "10"]
[White "Karacsonyi, Gellert"]
[Black "Chylewski, Patryk"]
[Result "1-0"]
[Board "33"]
[TimeControl "180+1"]
[WhiteFideId "764620"]
[BlackFideId "1186191"]
[WhiteElo "2664"]
[BlackElo "2525"]
[WhiteTeam "HUN"]
[BlackTeam "POL"]
[WhiteClock "0:00:09"]
[BlackClock "0:00:00"]

1. e4 c5 2. Nf3 e6 3. d4 cxd4 4. Nxd4 a6 5. Nc3 Qc7 6. Bd3 Nc6 7. Nb3 Nf6 8. O-O Be7 9. Qe2 d6 10. Bd2 O-O 11. f4 b5 12. Rae1 Nd7 13. g4 Bb7 14. Rf3 Nc5 15. Rh3 Nxd3 16. cxd3 Rac8 17. g5 g6 18. Qg4 b4 19. Ne2 a5 20. f5 exf5 21. Qh4 h5 22. Ng3 Kg7 23. Nxf5+ gxf5 24. exf5 Rh8 25. f6+ Kg8 26. g6 fxg6 27. fxe7 Ne5 28. Nd4 Re8 29. Bg5 Kh7 30. Ne6 Qd7 31. Nf8+ Rhxf8 32. exf8=Q Rxf8 33. d4 Qf5 34. dxe5 Qc2 35. Qg3 Rf3 36. Qxf3 Bxf3 37. Rxf3 1-0

[Event "December 12 Late 2023"]
[Site "https://www.chess.com"]
[Date "2023.12.12"]
[Round "10"]
[White "Piesik, Piotr"]
[Black "Bazilius, Augustinas"]
[Result "1-0"]
[Board "34"]
[TimeControl "180+1"]
[WhiteFideId "1136194"]
[BlackFideId "12832251"]
[WhiteElo "2659"]
[BlackElo "2509"]
[WhiteTeam "CZE"]
[BlackTeam "LTU"]
[WhiteClock "0:01:47"]
[BlackClock "0:00:29"]

1. Nf3 Nf6 2. g3 g6 3. Bg2 Bg7 4. O-O O-O 5. d4 d6 6. Nbd2 Nc6 7. e4 e5 8. dxe5 Nxe5 9. Nxe5 dxe5 10. Qe2 c6 11. a4 a6 12. a5 Qc7 13. Nc4 Be6 14. Be3 Nd7 15. Rfd1 f5 16. Rd6 Rae8 17. Rad1 f4 18. Bd2 f3 19. Bxf3 Rxf3 20. Rxe6 Rxg3+ 21. hxg3 Rxe6 22. Qg4 Rf6 23. Bg5 Rf7 24. Nd6 Nf6 25. Bxf6 Rxf6 26. Ne8 1-0

[Event "December 12 Late 2023"]
[Site "https://www.chess.com"]
[Date "2023.12.12"]
[Round "10"]
[White "Solon, Nathan"]
[Black "Hong, Andrew"]
[Result "0-1"]
[Board "35"]
[TimeControl "180+1"]
[WhiteFideId "2017229"]
[BlackFideId "2099438"]
[WhiteElo "2659"]
[BlackElo "2801"]
[WhiteTeam "USA"]
[BlackTeam "USA"]
[WhiteClock "0:00:56"]
[BlackClock "0:02:17"]

1. d4 d5 2. Bf4 Bf5 3. e3 e6 4. Bd3 Bg6 5. Nc3 Nf6 6. h4 Bb4 7. h5 Bxc3+ 8. bxc3 Bxd3 9. cxd3 h6 10. Rb1 b6 11. Nf3 O-O 12. Ne5 Nfd7 13. Qf3 Nxe5 14. Bxe5 Nd7 15. Bf4 c5 16. g4 cxd4 17. cxd4 Rc8 18. Kf1 Rc2 19. Rg1 f6 20. e4 Nb8 21. Bxb8 Qxb8 22. exd5 Qb7 23. Qd1 Rfc8 24. dxe6 Qd5 25. Qe1 Re8 26. Qe4 Qxa2 27. Kg2 Rxf2+ 28. Kg3 Re2 29. Qg6 Re3+ 0-1